 Dungeon Crawl Stone Soup version 0.30-a0-870-gc5d4c5acee (webtiles) character file.

Game seed: 2365844565303749104

776 Firecrotchwizard the Insei (level 7, -5/39 HPs)
             Began as a Vine Stalker Transmuter on Mar 11, 2023.
             Slain by a water moccasin (8 damage)
             ... on level 6 of the Dungeon.
             The game lasted 00:08:23 (4504 turns).

Firecrotchwizard the Insei (VSTm)                   Turns: 4504, Time: 00:08:23

Health: -5/39      AC:  2    Str: 12    XL:     7   Next: 84%
Magic:  0/11       EV: 12    Int: 15    God:
Gold:   321        SH:  0    Dex: 15    Spells: 9/10 levels left

rFire   . . .      SeeInvis .      - Unarmed
rCold   . . .      Faith    .    (no shield)
rNeg    . . .      Spirit   +    a - +0 robe
rPois   .          Reflect  .    (helmet currently unavailable)
rElec   .          Rampage  .    (no cloak)
rCorr   .                        (no gloves)
Will    .....                    (boots currently unavailable)
Stlth   +                        (no amulet)
HPRegen 1.06/turn                (no ring)
MPRegen 0.12/turn                (no ring)

@: lethally poisoned (-5 -> -6), appendages
A: horns 2, talons 2, fangs 2, regeneration 1, magic shield, antimagic bite, no
potion heal 2
a: End Transformation


You were on level 6 of the Dungeon.
You had temporarily grown beastly horns and talons.
You visited 1 branch of the dungeon, and saw 6 of its levels.

You collected 321 gold pieces.

Inventory:

Missiles
 g - 6 atropa-tipped darts
 l - 9 boomerangs
 p - 7 poisoned darts
 s - 21 stones (quivered)
 B - 6 curare-tipped darts
Armour
 a - a +0 robe (worn)
 x - a +0 ring mail
   (You found it on level 1 of the Dungeon)
Jewellery
 c - a ring of ice {rC+, rF-}
   (You found it on level 4 of the Dungeon)
 m - the ring "Loaret" {rF+ rN+ MP+9 Str-4}
   (You found it on level 6 of the Dungeon)

   [ring of magical power]

   Str:       It affects your strength (-4).
   rF:        It protects you from fire.
   rN:        It protects you from negative energy.
   MP:        It affects your magic capacity (+9).
Scrolls
 i - 7 scrolls of identify {@r1}
 E - a scroll of fear
 Y - 2 scrolls of teleportation {@r3}
Potions
 d - 4 potions of curing {unknown}
 h - 2 potions of mutation {unknown}
 k - a potion of heal wounds {unknown}
 o - a potion of degeneration {unknown}
 q - a potion of flight {unknown}
 t - a potion of might {unknown}
 v - 2 potions of cancellation {unknown}
 A - 2 potions of brilliance {unknown}
 G - 3 potions of ambrosia {!q}
 P - a potion of lignification {!q}


   Skills:
 + Level 5.4 Fighting
 - Level 1.5 Dodging
 + Level 6.6 Unarmed Combat
 - Level 2.1 Spellcasting
 - Level 2.0 Transmutations


You had 9 spell levels left.
You knew the following spells:

 Your Spells              Type           Power      Damage    Failure   Level
a - Beastly Appendage     Tmut           14%        N/A       10%         1

Your spell library contained the following spells:

 Spells                   Type           Power      Damage    Failure   Level
 Wereblood                Tmut           7%         N/A       14%         2
 Spider Form              Tmut/Pois      4%         N/A       41%         3
 Ignite Poison            Fire/Tmut/Pois 3%         N/A       45%         3
 Inner Flame              Hex/Fire       1%         N/A       54%         3
 Kindle Blastsparks       Fire/Tloc/Air  2%         2d10      54%         3
 Ice Form                 Ice/Tmut       4%         N/A       82%         4
 Cause Fear               Hex            0%         N/A       91%         4
 Freezing Cloud           Conj/Ice/Air   0%         6-21      99%         5
 Discord                  Hex            0%         N/A       100%        8


Dungeon Overview and Level Annotations

Branches:
Dungeon (6/15)
 Temple: D:4-7

Altars:

Annotations:
D:3 Ijyb


Innate Abilities, Weirdness & Mutations

You have temporarily grown beastly horns and talons.
You have extremely sharp teeth.
Your natural rate of healing is unusually fast.
When hurt, damage is shared between your health and your magic reserves.
Your bite disrupts and absorbs the magic of your enemies.
Potions cannot restore your health.


Message History

The hound barely misses you. x2
You barely miss the hound. You bite the hound. You drain its power.
The hound bites you but does no damage.
You hit the hound but do no damage. Your punch misses the hound.
You bite the hound. You drain its power. The hound bites you.
The jelly jiggles.
The jelly closely misses you.
You take 3 damage, and have 36/39 hp.
You now have 10/11 mp.
You hit the hound. The hound barely misses you. The hound bites you.
The jelly barely misses you.
You hit the jelly.
Your hands burn!
You bite the jelly. You drain its power.
You feel invigorated. The hound barely misses you.
You take 2 damage, and have 34/39 hp.
MP restored: 11 You hit the jelly.
Your hands burn!
The jelly misses you. The hound bites you.
You take 3 damage, and have 31/39 hp.
You hit the jelly.
Your hands burn!
The hound misses you. The jelly barely misses you.
The hound closely misses you.
You take 3 damage, and have 28/39 hp.
You now have 10/11 mp.
You punch the jelly!
Your hands burn!
You bite the jelly.
You kill the jelly!
The hound bites you.
You take 8 damage, and have 20/39 hp.
MASSIVE DAMAGE!!
You now have 8/11 mp.
You hit the hound. The hound bites you.
You take 2 damage, and have 18/39 hp.
You now have 7/11 mp.
You hit the hound. You bite the hound.
You kill the hound!
You start resting.
Health restored: 39; MP restored: 11 A hound comes into view.
You grow a pair of large bovine horns.
Your feet morph into talons.
You now have 10/11 mp.
The hound pauses to sniff the ground.
You hit the hound. You headbutt the hound. Your bite misses the hound.
The hound bites you.
You take 4 damage, and have 35/39 hp.
You now have 9/11 mp.
You punch the hound!
You kill the hound!
You see here a hound corpse.
Your transformation is almost over.
Your horns disappear.
Your talons disappear.
Health restored: 39; MP restored: 11 A hound is nearby!
You miscast Beastly Appendage.
You are very lightly contaminated with residual magic.
Nothing appears to happen.
An iguana comes into view.
You now have 10/11 mp.
You hit the hound but do no damage. The hound bites you.
You take 1 damage, and have 38/39 hp.
You closely miss the hound. Your bite misses the hound. The hound bites you. x2
You take 4 damage, and have 34/39 hp.
You hit the hound. Your bite misses the hound.
The hound bites you but does no damage.
You punch the hound! Your bite misses the hound.
The hound bites you but does no damage. The hound bites you.
You take 1 damage, and have 34/39 hp.
You now have 9/11 mp.
You hit the hound. You bite the hound.
You kill the hound!
A water moccasin comes into view.
The water moccasin hisses angrily.
The iguana bites you!
Your magical contamination has completely faded away.
You take 10 damage, and have 25/39 hp.
MASSIVE DAMAGE!!
You now have 7/11 mp.
You hit the iguana but do no damage. Your bite misses the iguana.
The iguana bites you but does no damage.
You hit the iguana. You hit the iguana but do no damage.
You bite the iguana, but do no damage. The iguana bites you.
You take 1 damage, and have 25/39 hp.
You punch the iguana! The iguana bites you.
You now have 7/11 mp.
You hit the iguana but do no damage. The water moccasin closely misses you.
The iguana closely misses you. The water moccasin closely misses you.
You hit the iguana. Your bite misses the iguana. The iguana bites you!
The water moccasin bites you!
You are poisoned.
The water moccasin poisons you!
You take 11 damage, and have 15/39 hp.
MASSIVE DAMAGE!!
You now have 4/11 mp.
You grow a pair of large bovine horns.
Your feet morph into talons.
You feel very sick. The water moccasin bites you.
* * * LOW HITPOINT WARNING * * *
The iguana bites you!
* * * LOW HITPOINT WARNING * * *
You take 11 damage, and have 4/39 hp.
MASSIVE DAMAGE!!
You now have 0/11 mp.
You hit the iguana but do no damage. You claw the iguana, but do no damage.
You bite the iguana.
You kill the iguana!
You feel sick. The water moccasin barely misses you.
The water moccasin bites you!
You die...

##Y...#.......
##............. ..
...⌠...<# . ...
~.......# .##....
~≈~...... #.#...
~≈~~...### ##...
~≈≈.... ##..##
≈~~..#†####....#
......S@......######
...................#
....##.##.###.####.#
... #...#.###.## #.#
. #.[....†...# #.#
#...#.###..###.##
#####.###..##.#.####
.....[......###....
###.##<#.##.#.####


You could see a water moccasin.

Vanquished Creatures
  A black bear (D:5)
  A phantom (D:5)
  A bullfrog (D:5)
  A scorpion (D:4)
  A howler monkey (D:5)
  A jelly (D:6)
  4 hounds
  4 iguanas
  3 orc wizards
  A gnoll (D:1)
  5 adders
  2 worms
  2 dart slugs (D:1)
  10 orcs
  8 endoplasms
  2 giant cockroaches
  6 hobgoblins
  6 jackals
  9 kobolds
  4 quokkas
  6 ball pythons
  A bat (D:3)
  3 frilled lizards
  6 goblins
  6 rats
94 creatures vanquished.

Notes
Turn   | Place    | Note
-------+----------+-------------------------------------------
     0 | D:1      | Firecrotchwizard the Vine Stalker Transmuter began the
                  | quest for the Orb.
     0 | D:1      | Reached XP level 1. HP: 9/9 MP: 4/4
    41 | D:1      | Reached skill level 1 in Fighting
   129 | D:1      | HP: 2/10 [dart slug/slug dart (5)]
   385 | D:1      | Reached XP level 2. HP: 14/14 MP: 4/6
   557 | D:1      | Reached skill level 2 in Fighting
   557 | D:1      | Reached XP level 3. HP: 16/18 MP: 4/7
  1423 | D:2      | Identified the +8 falchion of Podeic {heavy, Str+3}
  1745 | D:2      | Found a faded altar of an unknown god.
  1844 | D:2      | Reached skill level 4 in Unarmed Combat
  1844 | D:2      | Gained mutation: Your natural rate of healing is unusually
                  | fast. [Vine Stalker growth]
  1844 | D:2      | Reached XP level 4. HP: 23/23 MP: 6/8
  2566 | D:3      | Noticed Ijyb
  2611 | D:4      | Reached skill level 3 in Fighting
  2614 | D:4      | Reached XP level 5. HP: 28/28 MP: 5/9
  2881 | D:4      | Reached skill level 5 in Unarmed Combat
  2881 | D:4      | Reached XP level 6. HP: 30/33 MP: 10/10
  3299 | D:5      | Entered Level 5 of the Dungeon
  3416 | D:5      | Reached skill level 4 in Fighting
  3727 | D:5      | Reached XP level 7. HP: 33/38 MP: 8/11
  3851 | D:5      | Reached skill level 6 in Unarmed Combat
  4075 | D:5      | Reached skill level 5 in Fighting
  4359 | D:6      | Identified the ring "Loaret" {rF+ rN+ MP+9 Str-4}
  4503 | D:6      | HP: 4/39 [iguana (6)]
  4504 | D:6      | Slain by a water moccasin

Illustrated notes

Levels and vault maps discovered:
D:1:      zelgadis_glass_arrival_small, layout_basic,
          chequers_serial_rivers_small_b, columned_hall_lemuel,
          minmay_pentomino_o2
D:2:      layout_loops_corners, shapermc_ecumenical_altar_starsandcircs,
          kennysheep_nub
D:3:      layout_basic, grunt_temple_overflow_cloverleaf, uniq_ijyb
D:4:      layout_gridville, st_stairs_10
D:5:      layout_gridville, grunt_ministairs_7
D:6:      nicolae_cairo_tiling_large_dashed, layout_loops_ring,
          kiku_gazebo_pond_becter, nicolae_overflow_hidden_temple

Skill      XL: |  1  2  3  4  5  6  7 |
---------------+----------------------+-----
Fighting       | 1 2 3 4 5 |  5.4
Unarmed Combat | 4 5 6 |  6.6
Dodging        | |  1.5
Spellcasting   | |  2.1
Transmutations | |  2.0

Action                     |  1- 3 |  4- 6 |  7- 9 || total
---------------------------+-------+-------+-------++-------
  Melee: Unarmed           |   117 |   143 |    49 ||   309
         Bite              |    25 |    34 |    20 ||    79
         Kick              |    10 |    26 |     5 ||    41
         Headbutt          |     2 |    13 |     4 ||    19
         Punch             |     3 |     5 |     1 ||     9
  Throw: Stone             |       |     2 |       ||     2
   Cast: Beastly Appendage |    10 |    14 |     5 ||    29
    Use: Scroll            |       |       |    11 ||    11
   Stab: Sleeping          |     1 |       |       ||     1
 Armour: Robe              |    13 |    14 |     4 ||    31
  Dodge: Dodged            |    57 |   109 |    27 ||   193

Table legend: (Time is in decaauts)
 A = Elapsed time spent in this place.
 B = Non-inter-level travel time spent in this place.
 C = Inter-level travel time spent in this place.
 D = Time resting spent in this place.
 E = Time spent auto-exploring this place.
 F = Levels seen in this place.
 G = Mean time per level.
                   A        B        C        D        E       F      G
               +--------+--------+--------+--------+--------+-----+--------+
         Total |   4480 |   4248 |    232 |    390 |   3097 |   6 |  746.7 |
       Dungeon |   4480 |   4248 |    232 |    390 |   3097 |   6 |  746.7 |
               +--------+--------+--------+--------+--------+-----+--------+

Top non-repeatable levels by time:
     D:1: 1261 daAuts
     D:2: 1000 daAuts
     D:5: 992 daAuts
     D:4: 740 daAuts
     D:3: 331 daAuts
     D:6: 154 daAuts

Table legend:
 A = Kills in this place as a percentage of kills in the entire game.
 B = Kills by you in this place as a percentage of kills by you in the entire game.
 C = Kills by friends in this place as a percentage of kills by friends in the entire game.
 D = Other kills in this place as a percentage of other kills in the entire game.
 E = Experience gained in this place as a percentage of experience gained in the entire game.
 F = Experience gained in this place divided by the number of levels of this place that you have seen.
                   A       B       C       D       E      F
               +-------+-------+-------+-------+-------+----------------------
         Total | 100.0 | 100.0 |   N/A |   N/A | 100.0 | 191.0
       Dungeon | 100.0 | 100.0 |   N/A |   N/A | 100.0 | 191.0
               +-------+-------+-------+-------+-------+----------------------
